woodfighter, chaotic female giant Ranger U-- )@| ---- ...############ |... --- ####.."| |.<| ---- woodfighter the Ranger Experience level: 11 Strength: 24 Dexterity: 15 Constitution: 19 Intelligence: 14 Wisdom: 13 Charisma: 11 Health: 0(99) Energy: 50(50) Def: 21 Gold: 0 Moves: 22754 Dungeon seed [set]: Game ID: woodfighter_1678409207 Your Inventory: Amulets j - an uncursed amulet versus poison (being worn) Weapons a - a blessed +2 orcish bow (weapon in hand) n - a blessed +4 arrow (in quiver) w - 48 uncursed +1 arrows B - 4 uncursed +2 arrows C - 2 blessed +2 arrows Armor v - an uncursed +0 pair of speed boots (being worn) x - an uncursed +0 pair of leather gloves N - an uncursed +2 dented pot (being worn) Y - an uncursed +0 elven shield (being worn) Comestibles k - 5 uncursed food rations U - an uncursed sprig of wolfsbane Z - an uncursed lizard corpse Wands d - an uncursed wand of teleportation (0:1) f - an uncursed wand of fire (0:7) g - an uncursed wand of digging (0:4) Tools b - an uncursed bronze key q - an uncursed +0 unicorn horn s - an uncursed sack t - an uncursed +0 pick-axe (alternate weapon; not wielded) y - an uncursed skeleton key M - an uncursed magic lamp W - an uncursed blindfold Gems H - an uncursed luckstone Boulders/Statues r - an uncursed boulder z - an uncursed boulder E - an uncursed boulder F - an uncursed boulder K - an uncursed boulder V - an uncursed boulder Contents of the sack: 8358 gold pieces a cursed amulet of strangulation 117 uncursed +0 arrows an uncursed +0 elven bow an uncursed [+0] mummy wrapping an uncursed +0 pair of water walking boots an uncursed clove of garlic an uncursed eucalyptus leaf an uncursed lizard corpse 3 uncursed sprigs of wolfsbane a [uncursed] scroll of identify an uncursed potion of booze a [uncursed] potion of gain energy a potion of unholy water an uncursed potion of water an uncursed ring of invisibility an uncursed wand of make invisible [0:4] an uncursed magic lamp an uncursed [+0] unicorn horn Spells and supernatural/magical abilities: Name Level Category Fail Memory a - cone of cold 4 attack 100% 77% W - pray for help -- divine ? -- Your skills at the end: Miscellaneous Skills shield [Skilled] wands [Basic] Weapon Skills two-handed sword [Basic] bow [Expert] sling [Basic] Spellcasting Skills Final Attributes: You were devoutly aligned. You were cold resistant. You were poison resistant. Your writing hand was ok. You were telepathic. You had automatic searching. You had infravision. You were somewhat stealthy. You were protected. You were very fast. You were lucky. You had extra luck. Bad luck did not time out for you. Good luck did not time out for you. You are dead. Vanquished creatures: a clay golem a nurse a ghost 3 giant mimics an ice troll 3 large mimics a couatl a fire elemental a giant zombie a winter wolf 5 small mimics a warhorse 2 xans an ettin mummy an ogre lord a troll 3 brown bears a sasquatch 2 large dogs a shocking sphere a large cat a tiger a gargoyle a tengu 2 crocodiles an elf mummy a human mummy a black bear a wraith 2 soldiers 2 giant beetles 2 cockatrices 6 wolves 7 winter wolf cubs 3 lynxes a panther a gremlin 2 leprechauns a quivering blob a spotted jelly 3 lizards an orc-captain 3 giant spiders a scorpion 4 horses an ice vortex a forest centaur a gnome king 4 piranhas an orc mummy a dwarf mummy an ogre a brown pudding 3 owlbears a yeti a dog 2 dingos 3 housecats a jaguar 2 dwarf lords a white unicorn 5 gray unicorns 3 dust vortices a raven 4 plains centaurs a gnome mummy 3 Woodland-elves 5 apes a human zombie a rope golem 6 soldier ants 5 fire ants 7 yellow lights 14 bugbears a baby crocodile 2 wood nymphs 13 Mordor orcs 4 orc shamans 3 rock piercers 6 ponies 4 fog clouds 2 shriekers a violet fungus 25 gnome lords 9 gnomish wizards a kobold mummy a red naga hatchling a black naga hatchling a golden naga hatchling 3 gray oozes 2 elf zombies a ghoul 2 paper golems 12 giant ants 3 puppies 4 floating eyes 3 kittens 22 dwarves a kobold lord a kobold shaman 7 iguanas 5 hill orcs 4 rothes 2 rabid rats 2 centipedes 2 jitterbugs 3 giant bats 5 orc zombies 10 dwarf zombies 2 wererats 2 werejackals 11 coyotes 3 gas spores 5 hobbits 5 acid blobs 5 large kobolds 11 geckos 21 hobgoblins 2 giant rats 11 cave spiders 6 brown molds 7 yellow molds 6 green molds 3 red molds 63 gnomes 22 garter snakes 4 manes 3 gnome zombies 17 jackals 3 foxes 2 kobolds 9 newts 7 goblins 9 sewer rats 18 grid bugs 6 bats 9 lichens 3 kobold zombies 606 creatures vanquished. Voluntary challenges: You did not cause conflict. You did not have reflection. You were not displaced. You had been an atheist until turn 5664. You donated to temples 2 times (receiving 4 points of protection), starting on turn 15363. You received temple protection 2 times, starting on turn 15363. You never hit with a wielded weapon. You did not use plumbed fixtures. You did not drink any magical draughts. You read items or engraved 26 times, starting on turn 7199. You never genocided any monsters. You never polymorphed an object. You never changed form. You cheated 3 times but completed Sokoban on turn 11369. You used no wishes. You did not use any artifacts. You never split a pudding. You never wrote Elbereth's name. You never violated your personal moral code. You enabled loading special bones files. Dungeon overview: The Dungeons of Doom: levels 1 to 17 Level 1 some fountains, a sink a long staircase Level 2 an empty vault, a weapon shop stairs to The Gnomish Mines Level 3 an armor shop, a fountain Level 4 a vault, a potion shop, some fountains Level 5 Level 6 Level 7 a vault, an altar to Venus Level 8 many fountains Level 9 (water + black unicorn) a fountain stairs to Sokoban Level 10 a bench, a throne Level 11 an empty vault Level 12 (black unicorn) a throne Level 13 a fountain, a bench Level 14 (water) a vault, a sink, a throne Level 15 (quest + big room) a magic portal Level 16 an armor shop, a sink Level 17 (rogue level) <- You were here The Gnomish Mines: levels 3 to 11 Level 3 stairs to The Dungeons of Doom Level 4 (bones) Level 5 Level 6 many shops, a temple to Mercury, a magic chest, some fountains Level 7 Level 8 Level 9 Level 10 Level 11 many altars to Moloch, a magic chest, some fountains Sokoban: levels 5 to 8 Level 5 a magic chest Level 6 Level 7 Level 8 an altar to Venus, a magic chest stairs to The Dungeons of Doom History has recorded: On T:1 you entered the Dungeons of Doom to retrieve the Amulet of Yendor! On T:494 you reached level 2 of The Dungeons of Doom. On T:806 you reached level 1 of The Gnomish Mines. On T:919 you reached level 3 of The Dungeons of Doom. On T:1197 you advanced to experience level 2. On T:1588 you advanced to experience level 3. On T:1936 you reached level 4 of The Dungeons of Doom. On T:2482 you advanced to experience level 4. On T:2891 you reached level 5 of The Dungeons of Doom. On T:3398 you reached level 6 of The Dungeons of Doom. On T:3475 you advanced to experience level 5. On T:4902 you reached level 7 of The Dungeons of Doom. On T:5290 you reached level 8 of The Dungeons of Doom. On T:5359 you advanced to experience level 6. On T:6249 you advanced to experience level 7. On T:6490 you reached level 9 of The Dungeons of Doom. On T:6723 you reached level 4 of Sokoban. On T:6797 you prayed to Mars. On T:7197 you opened a magic chest. On T:8046 you reached level 3 of Sokoban. On T:8944 you advanced to experience level 8. On T:9002 you reached level 2 of Sokoban. On T:10152 you reached level 1 of Sokoban. On T:11369 you entered the Sokoban zoo. On T:12419 you reached level 2 of The Gnomish Mines. On T:12706 you advanced to experience level 9. On T:14092 you reached level 3 of The Gnomish Mines. On T:15023 you reached level 4 of The Gnomish Mines. On T:15333 you entered the Minetown temple On T:15587 you reached level 5 of The Gnomish Mines. On T:15756 you reached level 6 of The Gnomish Mines. On T:16007 you reached level 7 of The Gnomish Mines. On T:16367 you reached level 8 of The Gnomish Mines. On T:17082 you reached level 9 of The Gnomish Mines. On T:17082 you reached the bottom of the Mines. On T:17491 you advanced to experience level 10. On T:18301 you reached level 10 of The Dungeons of Doom. On T:18552 you reached level 11 of The Dungeons of Doom. On T:18733 you reached level 12 of The Dungeons of Doom. On T:19087 you reached level 13 of The Dungeons of Doom. On T:19481 you reached level 14 of The Dungeons of Doom. On T:20230 you reached level 15 of The Dungeons of Doom. On T:20357 you advanced to experience level 11. On T:20490 you reached level 16 of The Dungeons of Doom. On T:20849 you reached level 17 of The Dungeons of Doom. On T:20849 you entered the Rogue tribute level. Score breakdown: Gold: 8358 ( 835 points) Experience: 11 levels ( 1000 points) Exploration: 17 levels ( 480 points) Discoveries: 37 items ( 1850 points) Variety of kills: 138 monsters ( 2000 points) Major goal: Sokoban/Mines ( 1500 points) Survival: died (score multiplied by 3) Total score: 22995 Latest messages: You shoot 4 arrows. The 1st arrow hits the couatl! The 2nd arrow hits the couatl! The 3rd arrow hits the couatl! The 4th arrow hits the couatl! The couatl bites! (2x) The couatl swings itself around you! You shoot 3 arrows. The 1st arrow hits the couatl! You kill the couatl! C - 2 blessed +2 arrows. n - 4 blessed +4 arrows. The dire bear misses. The dire bear mauls you! The dire bear bites! n - 4 blessed +4 arrows (in quiver). You shoot 2 arrows. The 1st arrow hits the dire bear! The 2nd arrow hits the dire bear! The dire bear mauls you! (2x) The dire bear bites! The arrow hits the dire bear! The dire bear mauls you! (2x) You die... Final status: Goodbye woodfighter the Ranger, killed by a dire bear... You died in The Dungeons of Doom on dungeon level 17 with 22995 points, and 8358 pieces of gold, after 22754 moves. You were level 11 with a maximum of 99 hit points when you died.